[Event "Late-Titled-Tuesday-Blitz-September-19-2023"]
[Site "Chess.com"]
[Date "2023.09.19"]
[Round "3"]
[White "dawid498"]
[Black "Levanzovsky"]
[Result "1-0"]
[WhiteElo "2645"]
[BlackElo "2468"]
[TimeControl "180+1"]
[EndTime "14:26:20 PDT"]
[Termination "dawid498 won by resignation"]

1. e4 e5 2. Nc3 Nf6 3. g3 d5 4.
exd5 Nxd5 5. Bg2 Nxc3 6. bxc3 Bd6 7. Nf3 Nd7 8. O-O O-O 9. d3 f5 10. Re1 c6 11. a4 a5 12. Ba3 Qc7 13. Bxd6 Qxd6 14.
Qe2 Re8 15. d4 e4 16. Qc4+ Qe6 17. Qxe6+ Rxe6 18. Nd2 Nb6 19. c4 Re8 20. Reb1 Nd7 21. c5 Nf6 22. Nc4 Nd5 23. Nd6 Re7 24. Bf1 Nb4 25.
c3 Nd5 26. Bc4 Rb8 27. Bxd5+ cxd5 28. Rb5 Bd7 29. Rxa5 e3 30. f4 e2 31. Kf2 Bc6 32. Re1 b6 33. Ra6 Bb7 34. Rxb6 Ra8 35. Rxb7 Rxb7 36.
Nxb7 Ra5 37. Nxa5 1-0

[Event "Late-Titled-Tuesday-Blitz-September-19-2023"]
[Site "Chess.com"]
[Date "2023.09.19"]
[Round "3"]
[White "KVAIDAN"]
[Black "Quattroporte300"]
[Result "1-0"]
[WhiteElo "2255"]
[BlackElo "2401"]
[TimeControl "180+1"]
[EndTime "14:26:21 PDT"]
[Termination "KVAIDAN won on time"]

1. f4 c5 2. Nf3 Nc6 3. d3 d5 4. e3 g6 5. Be2 Bg7 6. O-O Nf6 7. Kh1 O-O 8. a4 Qc7 9. Nc3 e5 10. Nb5 Qb8 11. fxe5 Nxe5 12. Nxe5 Qxe5 13. e4 g5 14. c3 a6 15. d4 Qxe4 16. Nc7 Rb8 17.
Bxg5 Qg6 18. Bxf6 Bxf6 19. Nxd5 Bd8 20. dxc5 Be6 21. Nf4 Qh6 22. Nxe6 Qxe6 23. b4 Bc7 24.
Bd3 Rbd8 25. Qf3 Qh6 26. g3 f6 27. Bc4+ Kh8 28. Rad1 Be5 29. Rd5 Rg8 30. Rxe5 fxe5 31. Bxg8 Rxg8 32. Qf6+ Qxf6 33. Rxf6 Re8 34. Kg2 Kg7 35. Rb6 Re7 36. Kf3 h5 37. Ke4 Kf7 38.
Rh6 Kg7 39. Rxh5 Kf6 40. Rf5+ Kg6 41. Rxe5 Rh7 42. h4 Rd7 43. g4 Rd2 44. Re6+ Kf7 45.
Rb6 Rg2 46. g5 Rg4+ 47. Kf5 Rxh4 48. Rxb7+ Kg8 49. g6 Rh3 50. c4 Rf3+ 51. Ke4 Rg3 52. g7 Rg4+ 53. Kd5 Rg5+ 54. Kc6 Rg6+ 55. Kc7 Rxg7+ 56.
Kb6 Rg4 57. c6 Rxc4 58. b5 axb5 59. axb5 Kf8 60. Rd7 Ke8 61. Rd1 Rb4 62. c7 1-0

[Event "Late-Titled-Tuesday-Blitz-September-19-2023"]
[Site "Chess.com"]
[Date "2023.09.19"]
[Round "3"]
[White "Jospem"]
[Black "sergeikim"]
[Result "1/2-1/2"]
[WhiteElo "3056"]
[BlackElo "2606"]
[TimeControl "180+1"]
[EndTime "14:26:22 PDT"]
[Termination "Game drawn by repetition"]

1. e4 e5 2. Nf3 Nc6 3. Nc3 Nf6 4.
h3 g6 5. Bc4 Bg7 6. d3 O-O 7.
Be3 d6 8. a3 Be6 9. Bxe6 fxe6 10. Ne2 Nh5 11. O-O Rxf3 12. gxf3 Qh4 13. Kg2 Rf8 14.
Qd2 Nf4+ 15. Bxf4 exf4 16. d4 g5 17. Rh1 Ne7 18. Rag1 Qh5 19. Qd3 Ng6 20. Kf1 Nh4 21. Rg4 h6 22. Rhg1 Kh7 23. Ke1 Kh8 24. Kd1 b6 25. Kc1 Ng6 26. Rh1 Nh4 27. Kb1 a5 28. Ka1 Rf7 29. Qb5 Nxf3 30. Nxf4 Rxf4 31. Rxf4 Nxd4 32.
Rf8+ Bxf8 33. Qc4 Bg7 34. Qxc7 Qe2 35. Kb1 Qxe4 36. Rc1 Qe5 37. Qxb6 Ne2 38. Rd1 d5 39. Rd3 Nf4 40. Rb3 Qe1+ 41. Ka2 Ne2 42. Re3 Nc1+ 43. Kb1 Ne2+ 44. Ka2 Nc1+ 45. Kb1 Ne2+ 46. Ka2 1/2-1/2

[Event "Late-Titled-Tuesday-Blitz-September-19-2023"]
[Site "Chess.com"]
[Date "2023.09.19"]
[Round "3"]
[White "WilliamAlfaroCaracas"]
[Black "FrenchMonster2002"]
[Result "0-1"]
[WhiteElo "2277"]
[BlackElo "2474"]
[TimeControl "180+1"]
[EndTime "14:26:22 PDT"]
[Termination "FrenchMonster2002 won by checkmate"]

1. e4 g6 2. d4 Bg7 3. f3 d6 4. Be3 c5 5. dxc5 Bxb2 6. Bd4 Qa5+ 7. Kf2 Bxd4+ 8. Qxd4 Qxc5 9. c3 Nc6 10. Qxc5 dxc5 11.
Bb5 Bd7 12. Ne2 a6 13. Bxc6 Bxc6 14. c4 e6 15. Nbc3 Nf6 16. a4 Nd7 17. Nd1 Ne5 18. Ne3 O-O-O 19. Rhd1 Rxd1 20. Nxd1 Nxc4 21. Rc1 Ne5 22. Nb2 Rd8 23. Rxc5 Nd3+ 24. Nxd3 Rxd3 25. Nc1 Rd2+ 26. Kg3 Kd7 27. a5 Bb5 28. Nb3 Rb2 29.
Rc3 Bf1 30. Nc5+ Ke7 31. Kf4 Bxg2 32. Na4 Rb5 33. Rc7+ Kf6 34. Nc5 g5+ 35. Kg3 Bf1 36.
Nxb7 Rb2 37. Nd6 Rg2+ 38. Kh3 Rg1# 0-1

[Event "Late-Titled-Tuesday-Blitz-September-19-2023"]
[Site "Chess.com"]
[Date "2023.09.19"]
[Round "3"]
[White "DefiantChair"]
[Black "19912131712118"]
[Result "1-0"]
[WhiteElo "2611"]
[BlackElo "2443"]
[TimeControl "180+1"]
[EndTime "14:26:25 PDT"]
[Termination "DefiantChair won by resignation"]

1. e4 c5 2. Nf3 e6 3. d4 cxd4 4. Nxd4 Nc6 5. Nc3 Qc7 6. Be3 a6 7. Qd2 Nf6 8. O-O-O b5 9. f3 Bb7 10. Kb1 Rc8 11. Nxc6 Qxc6 12. e5 Ng8 13. Ne4 f5 14.
Nf2 Ne7 15. Bd4 Nd5 16. Nd3 Nb6 17. Bxb6 Qxb6 18. Nf4 Qc7 19. c4 Be7 20. cxb5 Bg5 21.
bxa6 Ba8 22. Bb5 O-O 23. Bxd7 Bxf4 24. Bxe6+ Kh8 25. Qxf4 Qc2+ 26. Ka1 Bc6 27. Bxc8 Rxc8 28. Rc1 Qd3 29. Rhd1 Qxa6 30. Qc4 Rg8 31. Qxa6 1-0

[Event "Late-Titled-Tuesday-Blitz-September-19-2023"]
[Site "Chess.com"]
[Date "2023.09.19"]
[Round "3"]
[White "Inepton_Fermion"]
[Black "Danishcrown"]
[Result "1-0"]
[WhiteElo "2374"]
[BlackElo "2104"]
[TimeControl "180+1"]
[EndTime "14:26:27 PDT"]
[Termination "Inepton_Fermion won by resignation"]

1. Nf3 Nf6 2. b3 c6 3. Bb2 d5 4. g3 Bf5 5. Bg2 Nbd7 6. O-O Qc7 7. d3 e5 8. Nbd2 Be7 9. Re1 h5 10. e4 dxe4 11. dxe4 Bg4 12. h3 Be6 13. Ng5 Nf8 14. a4 h4 15. g4 O-O-O 16. Qe2 Ng6 17. Nc4 Nf4 18. Qf1 Bxc4 19. Qxc4 Nxg4 20. Nxf7 Nxf2 21. Bxe5 N4xh3+ 22.
Bxh3+ Nxh3+ 23. Kh2 Bd6 24. Qe6+ Kb8 25. Bxd6 Rxd6 26.
Qxd6 Nf4 27. Qxc7+ Kxc7 28. Nxh8 1-0

[Event "Late-Titled-Tuesday-Blitz-September-19-2023"]
[Site "Chess.com"]
[Date "2023.09.19"]
[Round "3"]
[White "nihalsarin"]
[Black "bazar-wokzal"]
[Result "1-0"]
[WhiteElo "3098"]
[BlackElo "2644"]
[TimeControl "180+1"]
[EndTime "14:26:28 PDT"]
[Termination "nihalsarin won by resignation"]

1. Nf3 c5 2. b3 d5 3. e3 a6 4. Bb2 Nc6 5. d4 Bg4 6. dxc5 e5 7. Nbd2 Bxc5 8. h3 Bxf3 9. Nxf3 f6 10.
Be2 Nge7 11. O-O O-O 12. a3 Kh8 13. b4 Bb6 14. c4 dxc4 15. Qc2 Rc8 16. Rfd1 Qc7 17.
Qxc4 Rfd8 18. Qg4 Rxd1+ 19. Rxd1 Rd8 20. Rc1 Qd7 21. Qxd7 Rxd7 22. Kf1 Kg8 23. Ke1 Kf8 24. Nd2 Nd5 25. g4 Kf7 26. Ne4 Ke7 27. Bxa6 Ncxb4 28. Bb5 Nc6 29. Bxc6 bxc6 30. Rxc6 Rb7 31. Rc2 g6 32. Ke2 f5 33. gxf5 gxf5 34. Ng3 Ke6 35. Rc6+ Kd7 36. Rh6 Bc7 37. Rxh7+ Kc6 38. Ba1 Rb1 39. Rxc7+ Nxc7 40. Bxe5 Rb3 41. Nxf5 Rxa3 42. Nd4+ Kd7 43. Bxc7 Ra2+ 44. Kf3 Kxc7 45. h4 Kd6 46. e4 Ke5 47. Nc6+ Kf6 48. Ke3 Ra1 49. Kf4 Rh1 50. e5+ Kg6 51. Ne7+ Kf7 52.
Nf5 Rh2 53. f3 Rh1 54. Kg4 Rg1+ 55. Ng3 Ke6 56. f4 Rg2 57. h5 Rg1 58. h6 Kf7 59.
f5 Re1 60. Kf4 Kg8 61. e6 Kh7 62. Ne4 Kxh6 63. e7 1-0

[Event "Late-Titled-Tuesday-Blitz-September-19-2023"]
[Site "Chess.com"]
[Date "2023.09.19"]
[Round "3"]
[White "SaqoChess_Twitch"]
[Black "SergioMoralesG"]
[Result "1-0"]
[WhiteElo "2670"]
[BlackElo "2426"]
[TimeControl "180+1"]
[EndTime "14:26:29 PDT"]
[Termination "SaqoChess_Twitch won by resignation"]

1. d4 d5 2. c4 c6 3. Nc3 Nf6 4. e3 Bf5 5. cxd5 Nxd5 6. Bc4 e6 7. Nge2 Bg6 8. O-O Be7 9. e4 Nxc3 10. Nxc3 O-O 11. f4 b5 12. Bb3 b4 13. f5 bxc3 14.
fxg6 hxg6 15. bxc3 Nd7 16. Be3 Nf6 17. Qc2 c5 18.
Rad1 cxd4 19. cxd4 Rc8 20. Qb1 Qb6 21. h3 e5 22. Rf3 exd4 23. Bxd4 Bc5 24. Bxc5 Qxc5+ 25.
Kh1 Qe5 26. Re1 Rc7 27. Qd3 Rfc8 28. Ref1 Rc3 29. Qa6 R8c7 30. Rxc3 Qxc3 31. Qd6 Qc5 32. Qd8+ Kh7 33. Re1 Qe5 34. Qd3 Rc3 35. Qe2 Nh5 36.
Qf2 Nf6 37. Bxf7 Nxe4 38. Qh4+ Qh5 39. Qxh5+ gxh5 40. Rxe4 Kh6 41. h4 Rc6 42. Re6+ Rxe6 43. Bxe6 Kg6 44. Kh2 Kf6 45. Bb3 g5 46. Kg3 gxh4+ 47.
Kxh4 Kg6 48. Bd1 Kh6 49. Bxh5 a5 50. g4 a4 51. g5+ Kg7 52. a3 1-0

[Event "Late-Titled-Tuesday-Blitz-September-19-2023"]
[Site "Chess.com"]
[Date "2023.09.19"]
[Round "3"]
[White "MathiasWomacka"]
[Black "PapaieDudu"]
[Result "1-0"]
[WhiteElo "2560"]
[BlackElo "2376"]
[TimeControl "180+1"]
[EndTime "14:26:29 PDT"]
[Termination "MathiasWomacka won by resignation"]

1. e4 c5 2. Nf3 d6 3. d4 cxd4 4. Nxd4 Nf6 5. Nc3 a6 6. Be2 e6 7. O-O Be7 8. f4 Nbd7 9. Bf3 O-O 10. Kh1 Qc7 11. Qe1 Rb8 12. Qg3 Rd8 13. Bd2 b5 14. e5 dxe5 15. Nc6 exf4 16. Bxf4 e5 17.
Nxe7+ Kf8 18. Bg5 Nb6 19. Nc6 Be6 20. Bxf6 gxf6 21. Nxb8 Rxb8 22. Be4 Ke7 23. Qh4 Nd7 24.
Rad1 Rg8 25. Nd5+ Bxd5 26. Rxd5 Rg5 27. Qf2 f5 28. Bxf5 Nf6 29. Qc5+ Qxc5 30. Rxc5 Kd6 31. Rc8 e4 32. g4 Ke5 33. Kg2 h5 34. h3 hxg4 35.
hxg4 e3 36. Kf3 Nd5 37. Rd1 Nf6 38. Rc5+ Nd5 39. Rcxd5+ Kf6 40. Kxe3 Kg7 41. Kf4 1-0

[Event "Late-Titled-Tuesday-Blitz-September-19-2023"]
[Site "Chess.com"]
[Date "2023.09.19"]
[Round "3"]
[White "WPWPWP-2015"]
[Black "AlexNovitz"]
[Result "1-0"]
[WhiteElo "2517"]
[BlackElo "2245"]
[TimeControl "180+1"]
[EndTime "14:26:31 PDT"]
[Termination "WPWPWP-2015 won on time"]

1. d4 Nf6 2. c4 e6 3. Nf3 d5 4. Nc3 Bb4 5. Qc2 O-O 6. g3 b6 7. Bg2 Bb7 8. Ne5 Nbd7 9. O-O Bxc3 10. bxc3 Nxe5 11. dxe5 Nd7 12. cxd5 Bxd5 13. e4 Bc4 14. Rd1 Qe7 15. f4 Nc5 16. Be3 Rfd8 17. Rd4 b5 18. Rad1 Na4 19. f5 c5 20. Rd6 exf5 21. Rxd8+ Rxd8 22. Rxd8+ Qxd8 23. exf5 Qd3 24. Qxd3 Bxd3 25. g4 h5 26. h3 hxg4 27. hxg4 g6 28. e6 fxe6 29. fxe6 Bc4 30. e7 Kf7 31. Bg5 Nb6 32. Bc6 1-0

[Event "Late-Titled-Tuesday-Blitz-September-19-2023"]
[Site "Chess.com"]
[Date "2023.09.19"]
[Round "3"]
[White "johnathan113"]
[Black "FabianoCaruana"]
[Result "1-0"]
[WhiteElo "2726"]
[BlackElo "3042"]
[TimeControl "180+1"]
[EndTime "14:26:32 PDT"]
[Termination "johnathan113 won by resignation"]

1. c4 e5 2. g3 Nf6 3. Bg2 c6 4. a3 d5 5. cxd5 cxd5 6. d4 e4 7. Nc3 h6 8. Nh3 Nc6 9. O-O Be7 10. Bf4 Be6 11. Be5 g5 12. f3 O-O 13. Bxf6 Bxf6 14. e3 exf3 15. Qxf3 Bxd4 16. exd4 g4 17. Qf4 gxh3 18. Qxh6 hxg2 19. Rf6 Re8 20. Re1 Nxd4 21.
Re5 Bf5 22. Qg5+ Kh8 23. Qh6+ Bh7 24. Rh5 Nf3+ 25. Kxg2 Ng5 26. Rxf7 Re2+ 27. Nxe2 Qg8 28. Qf6+ 1-0

[Event "Late-Titled-Tuesday-Blitz-September-19-2023"]
[Site "Chess.com"]
[Date "2023.09.19"]
[Round "3"]
[White "DTChess"]
[Black "CraiggoryC"]
[Result "1-0"]
[WhiteElo "2516"]
[BlackElo "2239"]
[TimeControl "180+1"]
[EndTime "14:26:32 PDT"]
[Termination "DTChess won by checkmate"]

1. e4 e6 2. d4 d5 3. Nc3 Bb4 4. e5 c5 5. a3 Bxc3+ 6. bxc3 Ne7 7. Nf3 Nbc6 8. Bd3 c4 9. Bf1 Qa5 10. Bd2 Bd7 11. g3 f6 12. exf6 gxf6 13. Bg2 O-O-O 14.
O-O Kb8 15. a4 h5 16. Re1 Nf5 17. Bh3 Nce7 18. Bf4+ Ka8 19. Qd2 h4 20. g4 Rdg8 21.
Kh1 Ng7 22. g5 fxg5 23. Nxg5 Nh5 24. Be5 Rh6 25. Rg1 Rhg6 26. f4 Nc6 27. Bd6 Qd8 28.
Nf3 Qf6 29. Rxg6 Rxg6 30. Ne5 Nxe5 31. Bxe5 Qf7 32. a5 Nf6 33. Rg1 Ne4 34. Qe1 a6 35.
Qxh4 Rxg1+ 36. Kxg1 Qg6+ 37. Bg4 Nxc3 38. Qd8+ Ka7 39.
Bb8+ Ka8 40. Bc7+ Ka7 41. Qb8# 1-0

[Event "Late-Titled-Tuesday-Blitz-September-19-2023"]
[Site "Chess.com"]
[Date "2023.09.19"]
[Round "3"]
[White "Flaccidmoves"]
[Black "CFalcons8"]
[Result "1-0"]
[WhiteElo "2447"]
[BlackElo "2251"]
[TimeControl "180+1"]
[EndTime "14:26:32 PDT"]
[Termination "Flaccidmoves won by resignation"]

1. d4 Nf6 2. c4 e6 3. Nc3 Bb4 4. e3 d5 5. cxd5 exd5 6. Bd3 O-O 7. Ne2 c5 8. dxc5 Bxc5 9. O-O b6 10. Nf4 Bb7 11. Qf3 Qd7 12. Rd1 Rd8 13. Bb5 Qf5 14. b3 a6 15. Bd3 Qc8 16. Bb2 Qg4 17. Qxg4 Nxg4 18. Be2 Nf6 19. Bf3 Nbd7 20. Ncxd5 Nxd5 21. Nxd5 Nf8 22. Nf6+ gxf6 23. Bxb7 Rxd1+ 24. Rxd1 Ra7 25. Bd5 Kg7 26. g4 Ne6 27. h4 Kg6 28. Be4+ Kg7 29. g5 Be7 30. f4 Rc7 31. Kf2 h6 32. gxf6+ Bxf6 33. Rg1+ 1-0

[Event "Late-Titled-Tuesday-Blitz-September-19-2023"]
[Site "Chess.com"]
[Date "2023.09.19"]
[Round "3"]
[White "emeli_chess"]
[Black "fyall777"]
[Result "0-1"]
[WhiteElo "2358"]
[BlackElo "2558"]
[TimeControl "180+1"]
[EndTime "14:26:34 PDT"]
[Termination "fyall777 won on time"]

1. d4 d5 2. c4 e6 3. Nc3 Nf6 4. cxd5 exd5 5. Bg5 c6 6. Qc2 Be7 7. e3 O-O 8. Bd3 Nbd7 9. Nf3 Re8 10. O-O h6 11. Bh4 Ne4 12. Bxe4 Bxh4 13. Bh7+ Kh8 14. Bd3 Bf6 15. b4 Nf8 16. b5 Ne6 17. bxc6 bxc6 18. Na4 Bd7 19. Rab1 Qa5 20. Rfc1 Rec8 21. Nc5 Nxc5 22.
Qxc5 Qxc5 23. Rxc5 Rab8 24. Rb3 Rxb3 25. axb3 Rb8 26.
Bc2 Rb5 27. Rxb5 cxb5 28. Ne5 Bxe5 29. dxe5 a5 30. Kf1 a4 31. bxa4 bxa4 32. Ke2 a3 33. Bb3 Bb5+ 34. Kd2 Bc4 35. Kc3 Kg8 36. Ba4 Kf8 37. f4 Ke7 38. f5 g6 39. g4 g5 40.
Bc2 Kd7 41. Ba4+ Ke7 42. Bc2 Be2 43. h3 Bf1 44. Bb3 Bxh3 0-1

[Event "Late-Titled-Tuesday-Blitz-September-19-2023"]
[Site "Chess.com"]
[Date "2023.09.19"]
[Round "3"]
[White "Pawnpusherschessaccademy"]
[Black "Nf3c5"]
[Result "1-0"]
[WhiteElo "2348"]
[BlackElo "2534"]
[TimeControl "180+1"]
[EndTime "14:26:35 PDT"]
[Termination "Pawnpusherschessaccademy won on time"]

1. e4 c5 2. Nf3 Nc6 3. Bb5 e6 4. O-O Nge7 5. Re1 Nd4 6. Nxd4 cxd4 7. c3 a6 8. Bf1 Nc6 9. d3 Bc5 10. Nd2 O-O 11. Nb3 Ba7 12. cxd4 Nxd4 13. Be3 Nc6 14. d4 d6 15. Qd2 Ne7 16. Rac1 Bd7 17. Qb4 Bc6 18. Bf4 e5 19. dxe5 Ng6 20. Be3 Bxe3 21. Rxe3 dxe5 22. Na5 Qf6 23. Nxc6 bxc6 24. Qa4 Ne7 25. Rc5 Rfb8 26. Qc2 Rb6 27. b3 Rab8 28.
Bc4 Qd6 29. Ra5 Rf8 30. Rd3 Qb4 31. Qd2 1-0

[Event "Late-Titled-Tuesday-Blitz-September-19-2023"]
[Site "Chess.com"]
[Date "2023.09.19"]
[Round "3"]
[White "marik_spb"]
[Black "Mikhail_Golubev"]
[Result "0-1"]
[WhiteElo "2407"]
[BlackElo "2571"]
[TimeControl "180+1"]
[EndTime "14:26:38 PDT"]
[Termination "Mikhail_Golubev won on time"]

1. d4 Nf6 2. c4 g6 3. Nc3 Bg7 4. e4 d6 5. f3 O-O 6. Be3 a6 7. Bd3 c5 8. Nge2 Nc6 9. d5 Ne5 10.
h3 Bd7 11. O-O b5 12. b3 b4 13. Nb1 Nxd3 14. Qxd3 Nxd5 15. cxd5 Bxa1 16. Nd2 Bg7 17. Nc4 a5 18. f4 a4 19. f5 axb3 20. axb3 Bb5 21. h4 Ra2 22. h5 Bxc4 23. Qxc4 gxf5 24.
exf5 Kh8 25. Qd3 Be5 26. h6 Rg8 27. Nf4 Bxf4 28. Rxf4 Rgxg2+ 29. Kf1 Qg8 30. f6 Ra1+ 0-1

[Event "Late-Titled-Tuesday-Blitz-September-19-2023"]
[Site "Chess.com"]
[Date "2023.09.19"]
[Round "3"]
[White "Djager97"]
[Black "szefru"]
[Result "1-0"]
[WhiteElo "2537"]
[BlackElo "2300"]
[TimeControl "180+1"]
[EndTime "14:26:38 PDT"]
[Termination "Djager97 won by resignation"]

1. e4 e5 2. Nf3 Nc6 3. d4 exd4 4. Nxd4 Bc5 5. Nb3 Bb6 6. Qe2 d6 7. Nc3 Be6 8. Be3 Bxe3 9. Qxe3 Bxb3 10. axb3 Nge7 11.
h4 Qd7 12. h5 h6 13. O-O-O O-O-O 14. Bc4 Ne5 15. Qxa7 c6 16. Na4 Kc7 17. Nc5 Qc8 18. Na6+ Kd7 19. Rxd6+ Kxd6 20. Rd1+ Nd5 21. Qc5+ Ke6 22.
exd5+ cxd5 23. Nc7+ Kf5 24. Bxd5 Kf6 25. f4 Nc6 26. Qc3+ Ke7 27. Qxg7 Qxc7 28. Qxf7+ Kd6 29. Be4+ Kc5 30. Qxc7 Rxd1+ 31. Kxd1 Rd8+ 32. Kc1 Re8 33. Bxc6 bxc6 34. b4+ Kd4 35. Qd6+ Ke3 36. Qd2+ Ke4 37. Qe2+ 1-0

[Event "Late-Titled-Tuesday-Blitz-September-19-2023"]
[Site "Chess.com"]
[Date "2023.09.19"]
[Round "3"]
[White "Verony64"]
[Black "Gogolev_Artemy"]
[Result "0-1"]
[WhiteElo "2235"]
[BlackElo "2405"]
[TimeControl "180+1"]
[EndTime "14:26:39 PDT"]
[Termination "Gogolev_Artemy won by resignation"]

1. e4 c5 2. Nc3 e6 3. d3 d5 4.
e5 Nc6 5. f4 Nh6 6. Nf3 Nf5 7.
g3 h5 8. Bg2 Be7 9. O-O b6 10.
Ne2 Bb7 11. c3 d4 12. c4 Qd7 13. h3 O-O-O 14. Bd2 Ne3 15. Bxe3 dxe3 16. Ne1 h4 17. g4 g5 18. Qc1 gxf4 19. Nxf4 Nxe5 20. Qxe3 Nc6 21. Nh5 f5 22. Ng7 Nd4 23. Bxb7+ Kxb7 24. Nf3 Nc2 25. Qxe6 Nxa1 26. Rxa1 fxg4 27. Qe4+ Kb8 28. Ne5 Qd4+ 29. Qxd4 Rxd4 30. Nc6+ Kc7 31. Nxd4 cxd4 32.
Ne6+ Kd7 33. Re1 Rg8 34. hxg4 Rxg4+ 35. Kh1 Bd6 36. a3 h3 37. b4 h2 38. c5 bxc5 39. bxc5 Bb8 40. Rb1 Rg1+ 41. Rxg1 hxg1=Q+ 42. Kxg1 Kxe6 43. Kf2 Kd5 44. Kf3 Kxc5 45. Ke4 Bc7 46. a4 Ba5 47. Ke5 Bc3 48. Ke4 Kb4 49. Kd5 Kxa4 50. Kc4 Ka3 0-1

[Event "Late-Titled-Tuesday-Blitz-September-19-2023"]
[Site "Chess.com"]
[Date "2023.09.19"]
[Round "3"]
[White "PassedPawnMustPushed"]
[Black "TC2304"]
[Result "0-1"]
[WhiteElo "2124"]
[BlackElo "2375"]
[TimeControl "180+1"]
[EndTime "14:26:40 PDT"]
[Termination "TC2304 won by resignation"]

1. e4 Nc6 2. d4 e5 3. d5 Nce7 4. c4 Ng6 5. Nc3 Bb4 6. Qc2 Nf6 7. f3 d6 8. a3 Bc5 9. b4 Bd4 10. Nge2 c5 11. dxc6 bxc6 12. Bg5 h6 13. Bxf6 Qxf6 14. b5 cxb5 15. Nd5 Qd8 16. Nxd4 exd4 17. cxb5 O-O 18.
Bd3 Be6 19. O-O Rc8 20. Qa4 Bxd5 21. exd5 Nf4 22. Qxd4 Qg5 23. g3 Nxd3 24. Qxd3 Rc5 25. Rad1 Rfc8 26. f4 Qh5 27. Rf2 Rc3 28. Qd4 Rxa3 29.
Re1 Rc7 30. f5 Rac3 31. f6 g6 32. Kg2 Qg5 33. Re7 R3c5 34. Rxc7 Rxc7 35. Re2 Rc5 36.
Re8+ Kh7 37. Re7 Rc2+ 38. Kh3 Qf5+ 39. Qg4 Rxh2+ 40. Kxh2 Qxg4 41. Rxf7+ Kg8 42. Rg7+ Kf8 43. Rxa7 Qe2+ 44. Kh3 Qxb5 45. Ra8+ Kf7 46. Rb8 0-1

[Event "Late-Titled-Tuesday-Blitz-September-19-2023"]
[Site "Chess.com"]
[Date "2023.09.19"]
[Round "3"]
[White "larsmandreassen"]
[Black "slorovel"]
[Result "1-0"]
[WhiteElo "2224"]
[BlackElo "2497"]
[TimeControl "180+1"]
[EndTime "14:26:41 PDT"]
[Termination "larsmandreassen won by checkmate"]

1. d4 Nf6 2. Nf3 c5 3. Bg5 cxd4 4. c3 dxc3 5. Nxc3 d6 6. e4 Nc6 7. Bc4 e6 8. Qe2 Be7 9. Rd1 Qa5 10. O-O O-O 11.
Bxf6 Bxf6 12. Rxd6 Bxc3 13. bxc3 Qxc3 14. e5 a6 15. Bb3 Ne7 16. Bc2 Nf5 17. Qe4 g6 18.
Rd2 Rb8 19. Rfd1 b5 20. Qf4 Bb7 21. Bxf5 Bxf3 22. gxf3 exf5 23. e6 fxe6 24. Rd7 Qf6 25. Ra7 Rbd8 26. Rxd8 Rxd8 27. Qh6 Qh8 28. Kg2 Re8 29.
h4 e5 30. h5 e4 31. f4 e3 32.
hxg6 Qf6 33. Qxh7+ Kf8 34. g7+ Qxg7+ 35. Qxg7# 1-0

[Event "Late-Titled-Tuesday-Blitz-September-19-2023"]
[Site "Chess.com"]
[Date "2023.09.19"]
[Round "3"]
[White "Lion_DL"]
[Black "Thjop"]
[Result "0-1"]
[WhiteElo "2441"]
[BlackElo "2608"]
[TimeControl "180+1"]
[EndTime "14:26:45 PDT"]
[Termination "Thjop won by resignation"]

1. d4 Nf6 2. c4 g6 3. h4 Bg7 4. Nc3 d6 5. e4 Nc6 6. d5 Ne5 7.
Be2 h5 8. Nf3 Nxf3+ 9. Bxf3 c5 10.
Bg5 Ng4 11. O-O a6 12. a4 Qb6 13. Qc2 Bd7 14. a5 Qc7 15. Rfb1 Bf6 16. Bxf6 Nxf6 17. b4 cxb4 18. Rxb4 O-O 19. Na4 Bxa4 20. Qxa4 Nd7 21.
Rab1 Nc5 22. Qa3 Rab8 23. Rb6 Nd7 24. R6b4 Rfc8 25. Be2 Kg7 26. f4 Nc5 27. Qb2+ f6 28. e5 dxe5 29. fxe5 Qxe5 30. Qxe5 fxe5 31. Rb6 Rf8 32.
g4 hxg4 33. Bxg4 Rf4 34. Be6 Rxh4 35. Rf1 Rf4 36. Rxf4 exf4 37. Kf2 Kf6 38. Kf3 Ke5 39. Bf7 g5 40. Rg6 Kf5 41. Rg7 Rh8 42. Be6+ Nxe6 43.
dxe6 Kf6 44. Rf7+ Kxe6 0-1

[Event "Late-Titled-Tuesday-Blitz-September-19-2023"]
[Site "Chess.com"]
[Date "2023.09.19"]
[Round "3"]
[White "Defenstrator"]
[Black "Siemba"]
[Result "0-1"]
[WhiteElo "2328"]
[BlackElo "2598"]
[TimeControl "180+1"]
[EndTime "14:26:45 PDT"]
[Termination "Siemba won by resignation"]

1. Na3 e5 2. Nh3 d5 3. Ng5 Qxg5 4. d4 Qd8 5. dxe5 Bxa3 6. bxa3 Nc6 7. g3 Bf5 8. Bg2 Nge7 9. O-O O-O 10. c4 dxc4 11. Qa4 Nd4 12. Qxc4 Nec6 13. Bb2 Be6 14. Qd3 Nf5 15.
Qb5 Ncd4 16. Qd3 c5 17. Rac1 Rc8 18. Bxb7 Rb8 19. Bxd4 Qxd4 20. Be4 Qxd3 21. exd3 Nd4 22. Rxc5 Rb2 23. Ra5 Rxa2 24. Rxa7 Bh3 25. Bg2 Bxg2 26. Kxg2 Nb5 27. Rb7 Nxa3 28. Rc1 Rc2 29. Ra1 Rc3 30. d4 Nc2 31. Raa7 Nxd4 32. f4 Rc2+ 33. Kh3 h5 34.
Kh4 Rxh2+ 35. Kg5 Rh3 36. f5 Rxg3+ 37. Kf4 Rg4+ 38. Ke3 Nxf5+ 39. Kf3 Nd4+ 40. Ke3 Ne6 41. Kf3 Rg5 42. Ke4 h4 43. Rb1 h3 44. Rh1 Rg2 45. Rxh3 Ng5+ 46. Kf4 Nxh3+ 47. Kf3 Rf2+ 48. Kg3 Rf5 49.
Kxh3 Rxe5 50. Kg4 Re6 51. Kf5 Rd8 52. Rb7 Rd5+ 53. Kf4 g5+ 54. Kg4 Kg7 55. Kh5 Re4 56.
Rb4 g4+ 57. Kh4 Rxb4 0-1

[Event "Late-Titled-Tuesday-Blitz-September-19-2023"]
[Site "Chess.com"]
[Date "2023.09.19"]
[Round "3"]
[White "kleopl"]
[Black "hellokostya"]
[Result "1-0"]
[WhiteElo "2463"]
[BlackElo "2596"]
[TimeControl "180+1"]
[EndTime "14:26:46 PDT"]
[Termination "kleopl won by checkmate"]

1. e4 c5 2. Nf3 Nc6 3. d4 cxd4 4. Nxd4 Nf6 5. Nc3 e5 6. Ndb5 d6 7. Bg5 a6 8. Na3 b5 9. Nd5 Be7 10. Bxf6 Bxf6 11. c4 b4 12. Nc2 O-O 13. h4 a5 14.
g3 Be6 15. Bh3 Rb8 16. b3 g6 17. Kf1 Bg7 18. Kg2 Qd7 19. h5 f5 20. hxg6 hxg6 21.
exf5 gxf5 22. Qh5 Qf7 23. Qxf7+ Rxf7 24. Rad1 Kf8 25. Rd3 e4 26. Rdd1 Ne5 27. Nf4 Ke7 28. Nxe6 Kxe6 29. Nd4+ Kf6 30. Nxf5 Nd3 31. Nxd6 Re7 32.
Nxe4+ Rxe4 33. Rxd3 a4 34. Rhd1 Bf8 35. Rf3+ Kg7 36.
Rd7+ Kg8 37. Rff7 a3 38. Bf5 Re2 39. Bg4 Rd2 40. Be6 Rxd7 41. Rxd7+ Kh8 42. f4 Bc5 43. g4 Be3 44. Kf3 Bc1 45. g5 Rf8 46. g6 Bb2 47.
Rh7# 1-0

[Event "Late-Titled-Tuesday-Blitz-September-19-2023"]
[Site "Chess.com"]
[Date "2023.09.19"]
[Round "3"]
[White "miraitrunks"]
[Black "rdarruda"]
[Result "1-0"]
[WhiteElo "2139"]
[BlackElo "2493"]
[TimeControl "180+1"]
[EndTime "14:26:46 PDT"]
[Termination "miraitrunks won by resignation"]

1. e4 c5 2. c3 e6 3. d4 d5 4. exd5 exd5 5. Nf3 Bd6 6. Bb5+ Nc6 7. O-O Ne7 8. dxc5 Bxc5 9. Re1 O-O 10. Bg5 h6 11. Bh4 Qb6 12. Qe2 Nf5 13. b4 Nxh4 14. Bxc6 Nxf3+ 15. Qxf3 Bxf2+ 16. Qxf2 Qxc6 17. Qd4 Bf5 18. Nd2 a6 19. Re5 Be6 20. Nb3 Rac8 21. Nc5 b6 22.
Nxa6 Qxc3 23. Rd1 Qxd4+ 24. Rxd4 Rc1+ 25. Kf2 Rc2+ 26. Re2 Rxe2+ 27. Kxe2 Rc8 28. Kd2 Kf8 29. b5 Ke7 30. Nb4 Kd6 31. a4 Rc4 32. Ke3 Rc3+ 33.
Kd2 Ra3 34. Nc6 Ra2+ 35. Ke3 Rxg2 36. a5 bxa5 37. Nxa5 Rb2 38. Nc4+ Kc5 39. Nxb2 Kxb5 40. Nd3 Kc6 41. Nf4 Kd6 42. Nxe6 Ke5 43. Nxg7 1-0

[Event "Late-Titled-Tuesday-Blitz-September-19-2023"]
[Site "Chess.com"]
[Date "2023.09.19"]
[Round "3"]
[White "Msb2"]
[Black "Rutricks"]
[Result "1-0"]
[WhiteElo "3092"]
[BlackElo "2712"]
[TimeControl "180+1"]
[EndTime "14:26:48 PDT"]
[Termination "Msb2 won on time"]

1. d4 g6 2. c4 Bg7 3. e4 d6 4.
Nc3 Nd7 5. Nf3 e5 6. Be2 Ne7 7. h4 h6 8. h5 g5 9. d5 a5 10. g4 Nc5 11. Nd2 c6 12. f3 cxd5 13. cxd5 O-O 14.
O-O Bd7 15. a4 Qb6 16. Nc4 Qc7 17. Be3 Nc8 18. Rc1 Qb8 19. b3 Rd8 20. Kg2 Be8 21.
Nxd6 Qxd6 22. Nb5 Bxb5 23. Bxb5 b6 24. Rc3 Bf8 25. Qb1 Qf6 26. Rfc1 Na7 27. Be2 Rac8 28. Rc4 Nd7 29. Rc7 Rxc7 30. Rxc7 Nc8 31. Ba6 Nd6 32.
Rc6 Ra8 33. Qd3 Qd8 34. Qe2 Nc5 35. Bb5 Rb8 36. Qc2 Nxb5 37. axb5 Bd6 38. Qc4 Qd7 39. Kh3 Kg7 40. b4 axb4 41. Qxb4 Ra8 42. Rxb6 Qe7 43. Rxd6 Qxd6 44. Bxc5 Qf6 45. Qc3 Ra2 46. Qe3 Qd8 47. b6 Qd7 48. Qb3 Ra1 49. b7 1-0